 Dungeon Crawl Stone Soup version bcrawl-1.20.1-3-gdcb1fc31ed (webtiles) character file.

Game seed: 13651916674230411925

44 KristoblXynda the Slasher (level 3, -1/29 HPs)
             Began as a Draconian Gladiator on Jan 30, 2020.
             Killed from afar by Sigmund (10 damage)
             ... with a puff of flame
             ... on level 2 of the Dungeon.
             The game lasted 00:01:48 (1864 turns).

KristoblXynda the Slasher (Draconian Gladiator)     Turns: 1864, Time: 00:01:49

Health: -1/29      AC:  6    Str: 16    XL:     3   Next: 41%
Magic:  3/3        EV: 13    Int:  9    God:
Gold:   91         SH:  1    Dex: 12    Spells: 2/2 levels left

rFire    . . .     SeeInvis .   a - +0 long sword
rCold    . . .     Gourm    .   (no shield)
rNeg     . . .     Faith    .   (armour unavailable)
rPois    .         Spirit   .   b - +1 hat
rElec    .         Reflect  .   (no cloak)
rCorr    .         Harm     .   (no gloves)
MR       .....                  (no boots)
Stlth    +.........             (no amulet)
HPRegen  0.09/turn              (no ring)
MPRegen  0.08/turn              (no ring)

@: no status effects
A: unfitting armour, cold-blooded, AC +5
a: no special abilities


You were on level 2 of the Dungeon.
You were not hungry.

You visited 1 branch of the dungeon, and saw 2 of its levels.

You collected 91 gold pieces.

Inventory:

Hand Weapons
 a - a +0 long sword (weapon)
Missiles
 c - a throwing net (quivered) {!f}
Armour
 b - a +1 hat (worn)
Scrolls
 g - a scroll of noise {unknown}
 h - a scroll of enchant armour
 i - a scroll of teleportation
Potions
 d - a potion of haste {unknown}
 f - 2 potions of heal wounds {unknown}
 k - a potion of curing {unknown}
 l - a potion of ambrosia {unknown}
Comestibles
 e - 5 rations {!d}
 j - 2 chunks of flesh


   Skills:
 - Level 2.1 Fighting
 * Level 3.8 Long Blades
 + Level 2.2 Throwing
 + Level 3.1 Dodging


You had 2 spell levels left.
You didn't know any spells.
Your spell library was empty.

Dungeon Overview and Level Annotations

Branches:
Dungeon (2/12)

Altars:
Ru

Annotations:
D:2 Sigmund


Innate Abilities, Weirdness & Mutations

Your plain brown scales are hard. (AC +5)
You cannot fit into any form of body armour.
You are cold-blooded and may be slowed by cold attacks.


Message History

Really fire
c - 2 throwing nets {!f}?
You throw a throwing net {!f}. The throwing net {!f} hits Sigmund.
Sigmund is caught in the net!
Sigmund is moderately wounded.
You hit Sigmund but do no damage. You tail-slap Sigmund.
Sigmund is heavily wounded.
Sigmund struggles against the net.
You hit Sigmund.
Sigmund is severely wounded.
Sigmund laughs darkly.
Sigmund struggles against the net.
You catch the helpless Sigmund completely off-guard!
You hit Sigmund.
Sigmund is severely wounded.
Sigmund struggles against the net.
You barely miss Sigmund.
Sigmund is severely wounded.
Sigmund points at you and mumbles some strange words.
The puff of flame hits you!
You die...

#.##.# #.# #.##.# #[######
#.##.# #......# #.##.#
###.####.# #.##(# #.......#†#
#..#.# #.##.##.#.# ##.#.#
####(#...#.#.## #...#
#..@..._......# ##..#
#.@#.#.@.#.##.# #..#
#..#.##.##.##.#
#.>######..#.......##.#
#.###.........####.#####.#
#...'.....###......## #.#
#####.....# #....#..####.#
########..)..####'####......#
....(.............# #.######
#####....########## #.#


You could see Sigmund (caught).

Vanquished Creatures
  An ooze (D:2)
  A dart slug (D:1)
  A worm (D:2)
  3 leopard geckos
  5 goblins
  5 hobgoblins
  A jackal (D:1)
  5 kobolds
  4 bats (D:1)
  2 frilled lizards (D:1)
  4 rats (D:1)
32 creatures vanquished.

Notes
Turn   | Place    | Note
-------+----------+-------------------------------------------
     0 | D:1      | KristoblXynda the Draconian Gladiator began the quest for
                  | the Orb.
     0 | D:1      | Reached XP level 1. HP: 17/17 MP: 1/1
   461 | D:1      | Reached XP level 2. HP: 24/24 MP: 2/2
  1300 | D:1      | Reached XP level 3. HP: 19/29 MP: 3/3
  1565 | D:2      | Found a sacrificial altar of Ru.
  1594 | D:2      | Noticed Sigmund
  1864 | D:2      | Killed from afar by Sigmund

Skill      XL: |  1  2 |
---------------+-------+-----
Throwing       | 2 |  2.2
Dodging        | 3 |  3.1
Fighting       | |  2.1
Long Blades    | |  3.8

Action                   || total
-------------------------++-------
Melee: Long sword        ||   106
       Tailslap          ||    10
Throw: Throwing net      ||     2
  Use: Scroll            ||     2
 Stab: Sleeping          ||     1
       Held in net/web   ||     1
  Eat: Chunk             ||     3
Armor: Skin              ||    22
Dodge: Dodged            ||    53
Block: Other             ||     2
